 Dungeon Sprint DCSS version 0.28-a0-245-g639a1a48b9 (webtiles) character file.

Game seed: 2209922531926307712

6959 MikeHunt the Carver (level 10, -1/86 HPs)
             Began as a Demigod Conjurer on Aug 24, 2021.
             Slain by a vampire knight (23 damage)
             ... in the Dungeon (Sprint V: "Ziggurat Sprint").
             The game lasted 00:07:15 (762 turns).

MikeHunt the Carver (Demigod Conjurer)               Turns: 762, Time: 00:07:15

Health: -1/86      AC: 21    Str: 16    XL:     10   Next: 52%
Magic:  21/21      EV: 15    Int: 20    God:
Gold:   0          SH:  9    Dex: 22    Spells: 14/19 levels left

rFire   . . .      SeeInvis .   x - +7 Singing Sword {vorpal, sonic wave}
rCold   . . .      Faith    .   F - +3 buckler
rNeg    . . .      Spirit   .   A - +5 storm dragon scales
rPois   +          Reflect  .   (no helmet)
rElec   +          Harm     .   (no cloak)
rCorr   .          Rampage  .   (no gloves)
Will    +....      NoTele   +   N - +1 pair of boots of Mewofugi {+Inv rPois}
Stlth   ..........              (no amulet)
HPRegen 0.24/turn               H - +4 ring of evasion
MPRegen 0.17/turn               q - +6 ring of dexterity

@: lethally poisoned (-1 -> -7), studying Axes
A: high mp 1, forlorn
a: Evoke Invisibility


You were in the Dungeon.
You visited 1 branch

Inventory:

Hand Weapons
 w - the +9 heavy crossbow "Sniper" {vorpal, Acc+∞ SInv}
   (You found it in the Dungeon)

   Any ammunition fired from it inflicts extra damage upon your enemies.
   Any ammunition fired from it never misses its target.
   SInv:      It lets you see invisible.
 x - the +7 Singing Sword (weapon) {vorpal, sonic wave}
   (You found it in the Dungeon)

   It inflicts extra damage upon your enemies.
   It radiates damaging sonic waves as it strikes, especially in combat
   involving dangerous or numerous foes.
Armour
 a - a +0 robe
 y - +5 fire dragon scales
 z - +5 ice dragon scales
 A - +5 storm dragon scales (worn)
 B - +5 shadow dragon scales
 C - +5 gold dragon scales
 D - a +5 crystal plate armour
 E - a +5 plate armour
 F - a +3 buckler (worn)
 N - the +1 pair of boots of Mewofugi (worn) {+Inv rPois}
   (You found it in the Dungeon)

   rPois:     It protects you from poison.
   +Inv:      It lets you turn invisible.
Jewellery
 p - a ring of flight
 q - a +6 ring of dexterity (right hand)
 r - a +6 ring of dexterity
 s - a +6 ring of intelligence
 t - a +6 ring of intelligence
 u - a +6 ring of strength
 v - a +6 ring of strength
 H - a +4 ring of evasion (left hand)
 L - a ring of flight
 M - a ring of protection from cold
Wands
 m - a wand of mindburst (7)
 n - a wand of iceblast (7)
 o - a wand of acid (7)
Scrolls
 g - a scroll of blinking
Potions
 b - 8 potions of curing
 c - 8 potions of heal wounds
 d - 6 potions of haste
 e - 7 potions of magic
 f - a potion of berserk rage
 h - 2 potions of brilliance
 j - 4 potions of resistance
 l - 5 potions of might
Miscellaneous
 i - a phial of floods
 k - a lightning rod (2/4)
 G - a piece from Xom's chessboard (15/15)
 J - a phantom mirror
 K - a phantom mirror


   Skills:
 + Level 7.6 Fighting
 + Level 12.9 Long Blades
 + Level 9.1 Armour
 + Level 7.8 Dodging
 - Level 1.7 Stealth
 - Level 4.0 Shields
 - Level 3.1 Unarmed Combat
 - Level 5.0 Spellcasting
 + Level 5.5 Conjurations
 + Level 1.2 Hexes
 + Level 11.9 Evocations


You had 14 spell levels left.
You knew the following spells:

 Your Spells              Type           Power      Damage    Failure   Level
a - Magic Dart            Conj           100%       1d8       13%         1
b - Fulminant Prism       Conj/Hex       9%         3d7       97%         4

Your spell library contained the following spells:

 Spells                   Type           Power      Damage    Failure   Level
 Searing Ray              Conj           54%        3d5       21%         2
 Static Discharge         Conj/Air       16%        N/A       54%         2
 Dazzling Flash           Conj/Hex       36%        N/A       67%         3
 Stone Arrow              Conj/Erth      32%        3d9       77%         3
 Freeze                   Ice            20%        1d4       78%         1
 Pain                     Necr           20%        1d5       78%         1
 Sandblast                Erth           10%        2d5       78%         1
 Summon Small Mammal      Summ           20%        N/A       78%         1
 Mephitic Cloud           Conj/Pois/Air  12%        N/A       88%         3
 Call Imp                 Summ           5%         N/A       89%         2
 Summon Guardian Golem    Hex/Summ       7%         N/A       97%         3
 Call Canine Familiar     Summ           5%         N/A       98%         3
 Frozen Ramparts          Ice            10%        1d3       98%         3
 Gell's Gravitas          Tloc           2%         N/A       98%         3
 Ignite Poison            Fire/Tmut/Pois 5%         N/A       98%         3
 Lesser Beckoning         Tloc           2%         N/A       98%         3
 Teleport Other           Tloc           5%         N/A       98%         3
 Hailstorm                Conj/Ice       16%        3d6       99%         4
 Iskenderun's Mystic Bla  Conj/Tloc      16%        2d5       99%         4
 Sticky Flame             Conj/Fire      16%        2d4       99%         4
 Agony                    Necr           5%         N/A       100%        5
 Bolt of Magma            Conj/Fire/Erth 6%         4d6       100%        5
 Excruciating Wounds      Necr           2%         N/A       100%        5
 Metabolic Englaciation   Hex/Ice        3%         N/A       100%        5
 Summon Forest            Summ/Tloc      2%         N/A       100%        5
 Summon Mana Viper        Hex/Summ       7%         N/A       100%        5
 Shadow Creatures         Summ           N/A        N/A       100%        6
 Statue Form              Tmut/Erth      3%         N/A       100%        6
 Lehudib's Crystal Spear  Conj/Erth      8%         10d3      100%        8
 Fire Storm               Conj/Fire      8%         8d2       100%        9
 Shatter                  Erth           2%         3d6*      100%        9


Dungeon Overview and Level Annotations

Branches:
Dungeon (1/1)

Annotations:
D 1 transporter


Innate Abilities, Weirdness & Mutations

Your attributes grow dramatically as you level up.
You have an increased reservoir of magic. (+10% MP)
You shall have no god before yourself.


Message History

The wight is severely damaged.
The vampire mumbles some strange words.
The vampire flickers and vanishes!
Aiming: Thunderbolt
Press: ? - help, Shift-Dir - straight line, p - wight The thunderbolt hits something!!
The thunderbolt hits something!
The thunderbolt hits the shadow!
You destroy the shadow!
The thunderbolt hits the wight.
You destroy the wight!
Your lightning rod (3/4) has regained two charges.
Your Hexes skill increases to level 1!
That's the wrong kind of item! (Use * to select it.) Evoke which item? (* to show all) (? for menu, Esc to quit)
Okay, then.
Aiming: Thunderbolt
Press: ? - help, Shift-Dir - straight line, f - you
Okay, then.
Something barely misses you. Something bites you.
Something draws strength from your injuries!
Something draws life force from you!
Things that are here:
a +0 flail; a +0 robe Something hits you!!
Something barely misses you.
You hear some strange, mumbled words.
Something tries to affect you, but you resist.
Something hits you but does no damage. Something bites you but does no damage.
You see here a necrophage corpse.
You feel much better. Something hits you! Something bites you.
Something draws strength from your injuries!
Something draws life force from you!
You hit something. Something hits you but does no damage.
You are poisoned.
Something bites you but does no damage. Something hits you.
* * * LOW HITPOINT WARNING * * *
Something bites you but does no damage.
Aiming: Thunderbolt
Press: ? - help, Shift-Dir - straight line The thunderbolt hits something!
You feel sick. Something hits you!!
You die...

▓...8©8...▓...8©8...▓
▓..)}|))..▓..})|=|..▓
▓..)=[[:..▓....[.:..▓
▓.........▓.........▓
▓.........▓.........▓
▓....)....▓.........▓
▓.........▓.........▓
▓........{▓†▓.....▓.▓
▓.......)@▓.†..©....▓
▓....©....▓▓▓▓▓▓▓▓▓▓▓
▓▓▓▓▓▓▓▓▓▓▓


There were no monsters in sight!

Vanquished Creatures
  A black draconian (D)
  A shining eye (D)
  3 draconians (D)
  2 black mambas (D)
  A naga mage (D)
  An eye of devastation (D)
  A jumping spider (D)
  2 slime creatures (D)
  2 shadows (D)
  2 yaks (D)
  A golden eye (D)
  2 water moccasins (D)
  2 nagas (D)
  5 necrophages (D)
  2 wolves (D)
  3 phantoms (D)
  A bullfrog (D)
  6 scorpions (D)
  3 wights (D)
  A jelly (D)
  2 orc priests (D)
  2 iguanas (D)
  2 orc wizards (D)
  2 adders (D)
  A river rat (D)
  An adder skeleton (D)
  2 orcs (D)
  An endoplasm (D)
  4 ball pythons (D)
  2 ball python skeletons (D)
  A quokka zombie (D)
62 creatures vanquished.

Notes
Turn   | Place    | Note
-------+----------+-------------------------------------------
     0 | D        | MikeHunt the Demigod Conjurer began the quest for the Orb.
     0 | D        | Reached XP level 1. HP: 14/14 MP: 5/5
     0 | D        | Found the +6 Majin-Bo {vamp, MP+6 Int+6}
     0 | D        | Found the +9 heavy crossbow "Sniper" {vorpal, Acc+∞ SInv}
     0 | D        | Found the +10 dark maul {vorpal}
     0 | D        | Found the +15 Maxwell's patent armour {-Cast -Tele rElec
                  | Will+ rCorr}
     0 | D        | Found the +18 shield of the Gong {rElec rN+ Will+ EV-5}
     0 | D        | Found the +14 obsidian axe {vorpal, Drain Fly SInv}
     0 | D        | Found the +7 great mace "Firestarter" {inner flame, rF++}
     0 | D        | Found the +6 shillelagh "Devastator" {shatter}
     0 | D        | Found the +11 plutonium sword {Contam Stlth-}
     0 | D        | Found the +8 lance "Wyrmbane" {slay drac, rPois rF+ rC+
                  | AC+3}
     0 | D        | Found the +9 sword of Zonguldrok {reap}
     0 | D        | Found the +13 scythe of Curses {drain, Drain}
     0 | D        | Found the +5 sword of Power {vorpal}
     0 | D        | Found the +7 mace of Variability {chain chaos}
     0 | D        | Found the +7 Singing Sword {vorpal, sonic wave}
     0 | D        | Found the +8 storm bow {elec, penet}
     6 | D        | Found a transporter.
    41 | D        | Reached XP level 2. HP: 20/20 MP: 6/9
    70 | D        | Entered arena 2.
    70 | D        | Noticed a wolf
    70 | D        | Found a transporter.
    72 | D        | Killed a wolf
    73 | D        | Reached XP level 3. HP: 26/26 MP: 10/12
    73 | D        | Reached XP level 4. HP: 33/33 MP: 10/13
    74 | D        | Reached skill level 5 in Spellcasting
    74 | D        | Reached skill level 5 in Conjurations
    74 | D        | Reached skill level 5 in Evocations
    96 | D        | Entered arena 3.
    96 | D        | Found a transporter.
    99 | D        | Reached skill level 4 in Long Blades
    99 | D        | Reached XP level 5. HP: 38/38 MP: 15/15
   100 | D        | Reached skill level 5 in Long Blades
   100 | D        | Reached skill level 5 in Armour
   107 | D        | Got the Papyrus of the Ashen Glacier
   210 | D        | Entered arena 4.
   210 | D        | Noticed a jumping spider
   210 | D        | Found a transporter.
   213 | D        | Reached XP level 6. HP: 45/45 MP: 16/16
   213 | D        | Killed a jumping spider
   214 | D        | Reached skill level 8 in Long Blades
   214 | D        | Reached XP level 7. HP: 50/50 MP: 18/18
   225 | D        | Entered arena 5.
   225 | D        | Noticed a black draconian
   225 | D        | Noticed a draconian
   225 | D        | Noticed a draconian
   225 | D        | Noticed a draconian
   225 | D        | Found a transporter.
   237 | D        | Killed a black draconian
   238 | D        | Reached skill level 10 in Long Blades
   238 | D        | Reached XP level 8. HP: 43/57 MP: 19/19
   238 | D        | Killed a draconian
   239 | D        | Reached skill level 11 in Long Blades
   239 | D        | Killed a draconian
   240 | D        | Killed a draconian
   241 | D        | Reached skill level 12 in Long Blades
   241 | D        | Reached skill level 10 in Evocations
   241 | D        | Reached XP level 9. HP: 47/62 MP: 20/20
   383 | D        | Entered arena 6.
   383 | D        | Found a transporter.
   386 | D        | Reached skill level 1 in Fighting
   400 | D        | Entered arena 7.
   401 | D        | Found a transporter.
   429 | D        | Entered arena 8.
   430 | D        | Found a transporter.
   440 | D        | Got Qaqif's Guide on the Arsonist
   496 | D        | Entered arena 9.
   496 | D        | Noticed an eye of devastation
   496 | D        | Noticed a shining eye
   504 | D        | Killed a shining eye
   505 | D        | Reached skill level 5 in Fighting
   505 | D        | Reached skill level 5 in Dodging
   507 | D        | Killed an eye of devastation
   510 | D        | Found a transporter.
   530 | D        | Entered arena 10.
   530 | D        | Found the +12 glaive of Prune {vorpal}
   530 | D        | Noticed a black mamba
   530 | D        | Noticed a naga mage
   530 | D        | Noticed a black mamba
   537 | D        | Reached XP level 10. HP: 68/83 MP: 21/21
   539 | D        | Found a transporter.
   542 | D        | Killed a naga mage
   542 | D        | Killed a black mamba
   543 | D        | Killed a black mamba
   665 | D        | Got the ring of Suiblayn {*Slow Fly rF+ rN+}
   670 | D        | Got the ring "Mias" {rCorr Str-5 Dex+5 Stlth+}
   683 | D        | Entered arena 11.
   699 | D        | Found a transporter.
   709 | D        | Got the +1 pair of boots of Mewofugi {+Inv rPois}
   722 | D        | Got Iskenderun's Papyrus of Attacks
   736 | D        | Learned a level 4 spell: Fulminant Prism
   736 | D        | Entered arena 12.
   750 | D        | Noticed a vampire knight
   750 | D        | Found the +8 Vampire's Tooth {vamp}
   751 | D        | Found a transporter.
   757 | D        | Reached skill level 1 in Hexes
   762 | D        | Slain by a vampire knight

Illustrated notes

Levels and vault maps discovered:
D:        sprint_v [room_start, room_1, room_2, room_3, room_4, room_5, room_6,
          room_7, room_8, room_9, room_10, room_11, room_12, room_13, room_14,
          room_15, room_16, room_17, room_18, room_19, room_20, room_21,
          room_22, room_23, room_24, room_25, room_26, room_27]

Skill      XL: |  1  2  3  4  5  6  7  8  9 10 |
---------------+-------------------------------+-----
Shields        | 3 4 |  4.0
Unarmed Combat | 3 |  3.1
Spellcasting   | 3 4 5 |  5.0
Evocations     | 3 4 5 8 10 11 | 11.9
Conjurations   | 4 5 |  5.5
Long Blades    | 4 5 8 10 12 | 12.9
Armour         | 4 5 8 9 |  9.1
Fighting       | 6 7 |  7.6
Dodging        | 6 7 |  7.8
Hexes          | 1 |  1.2
Stealth        | |  1.7

Action                   |  1- 3 |  4- 6 |  7- 9 | 10-12 || total
-------------------------+-------+-------+-------+-------++-------
Melee: Double sword      |     1 |     1 |    18 |    27 ||    47
Evoke: Lightning rod     |       |     6 |    14 |     4 ||    24
  Use: Potion            |     2 |       |     6 |     1 ||     9
 Stab: Invisible         |       |       |     1 |       ||     1
Armor: Storm dragon scal |       |     2 |    13 |    18 ||    33
Dodge: Dodged            |     2 |     1 |    12 |    15 ||    30
Block: Buckler           |       |     1 |     8 |    11 ||    20
       Rpst.: Double sword |     1 |       |     7 |     3 ||    11

Table legend: (Time is in decaauts)
 A = Elapsed time spent in this place.
 B = Non-inter-level travel time spent in this place.
 C = Inter-level travel time spent in this place.
 D = Time resting spent in this place.
 E = Time spent auto-exploring this place.
 F = Levels seen in this place.
 G = Mean time per level.
                   A        B        C        D        E       F      G
               +--------+--------+--------+--------+--------+-----+--------+
         Total |    779 |    779 |      0 |    432 |      0 |   1 |  779.0 |
       Dungeon |    779 |    779 |      0 |    432 |      0 |   1 |  779.0 |
               +--------+--------+--------+--------+--------+-----+--------+

Top non-repeatable levels by time:
       D: 779 daAuts
